AoeStats
← DLLT Mauroski

Arena

509738933Analyzed
1v1 RM · 4d ago on Sep 27, 2026· 40m 20s· 2 players
Game mode
Random Map
Map size
Tiny (2 player)
Population
200
Speed
Normal
Resources
Standard
Victory
Conquest
Starting age
Dark Age
Ending age
Imperial Age
RankedLock teamsTeams togetherTeam positionsShared explorationLock speedFull tech treeHidden civsTurbo modeCheats
Victory
Defeat
🇦🇷 Celts · Argentina
1194
+15
🇨🇦 Bengalis · Canada
1171
-15
georgethek
11:24 Feudal Age
15:20 Castle Age
13:47 Double-Bit Axe
15:49 Gold Mining
15:41 Horse Collar
19:34 Loom
24:45 Wheelbarrow
24:09 Fletching
27:33 Scale Barding Armor
27:40 Forging
33:22 Bloodlines
35:47 Town Watch
36:28 Husbandry
DLLT Mauroski
10:37 Feudal Age
12:23 Double-Bit Axe
14:59 Castle Age
13:06 Horse Collar
18:00 Gold Mining
27:04 Scale Mail Armor
32:22 Forging
33:04 Chain Mail Armor
32:48 Arson
32:37 Pikeman
34:35 Bow Saw
35:30 Heavy Plow
36:07 Gold Shaft Mining
35:30 Stronghold
37:37 Iron Casting
36:54 Fletching
42:53 Imperial Age
Connection lost

Rejoining the realm…

Still unreachable

The connection could not be restored.

Session expired

The server has moved on; the page needs a fresh start.